 Dungeon Crawl Stone Soup version 0.20.0-4-g10b340a (webtiles) character file.

361 skittles the Firebug (level 6, -1/45 HPs)
             Began as a Draconian Fire Elementalist on May 27, 2017.
             Slain by an iguana (8 damage)
             ... on level 5 of the Dungeon.
             The game lasted 00:10:38 (4285 turns).

skittles the Firebug (Draconian Fire Elementalist)  Turns: 4285, Time: 00:10:39

Health: -1/45      AC:  9    Str: 10    XL:     6   Next: 38%
Magic:  8/9        EV: 12    Int: 18    God:
Gold:   155        SH:  0    Dex: 11    Spells: 1/9 levels left

rFire    . . .     SeeInvis .   t - +1 flail (venom)
rCold    . . .     Gourm    .   (no shield)
rNeg     + . .     Faith    +   (armour unavailable)
rPois    .         Spirit   .   (helmet restricted)
rElec    .         Reflect  .   j - +0 cloak
rCorr    .         Harm     .   (no gloves)
MR       .....                  s - +1 pair of boots
Stlth    ++........             m - amulet of faith
Regen    0.2/turn               o - ring of positive energy
MPRegen  0.2/turn               l - +2 ring of slaying

@: no status effects
A: unfitting armour, cold-blooded, AC +6
a: no special abilities


You were on level 5 of the Dungeon.
You were not hungry.

You visited 1 branch of the dungeon, and saw 5 of its levels.

You collected 155 gold pieces.

Inventory:

Hand Weapons
 d - a +1 spear
 t - a +1 flail of venom (weapon)
Armour
 i - a +0 buckler
 j - a +0 cloak (worn)
 s - a +1 pair of boots (worn)
Jewellery
 h - a +2 ring of dexterity
 l - a +2 ring of slaying (right hand)
 m - an amulet of faith (around neck)
 o - a ring of positive energy (left hand)
Wands
 e - a wand of lightning (5/15)
 p - a wand of random effects (30/48)
Scrolls
 k - 2 scrolls of fear {unknown}
 r - 2 scrolls of identify
 v - a scroll of remove curse
Potions
 f - a potion of agility
 g - 2 potions of ambrosia
 n - a potion of heal wounds {unknown}
 q - a potion of berserk rage {unknown}
 u - a potion of curing
Books
 a - a book of Flames

   Spells                             Type                      Level
   a - Flame Tongue                   Conjuration/Fire             1
   b - Throw Flame                    Conjuration/Fire             2
   c - Conjure Flame                  Conjuration/Fire             3
   d - Inner Flame                    Hexes/Fire                   3
   e - Sticky Flame                   Conjuration/Fire             4
   f - Fireball                       Conjuration/Fire             5
Comestibles
 b - 6 bread rations
 c - a royal jelly


   Skills:
 - Level 1.7 Dodging
 - Level 1.7 Stealth
 - Level 2.0 Spellcasting
 + Level 4.7 Conjurations
 + Level 5.4 Fire Magic


You had one spell level left.
You knew the following spells:

 Your Spells              Type           Power        Failure   Level  Hunger
a - Flame Tongue          Conj/Fire      ###..        2%          1    #......
b - Conjure Flame         Conj/Fire      ###.....     7%          3    ###....
c - Sticky Flame          Conj/Fire      ###.....     22%         4    #####..


Dungeon Overview and Level Annotations

Branches:
Dungeon (5/15)
 Temple: D:4-7

Altars:


Innate Abilities, Weirdness & Mutations

Your plain brown scales are hard. (AC +6)
You cannot fit into any form of body armour.
You are cold-blooded and may be slowed by cold attacks.


Message History

You see here 17 bolts.
An iguana comes into view.
The iguana hisses angrily.
You completely miss the iguana. The iguana bites you! The iguana bites you.
You closely miss the iguana. The iguana barely misses you.
You hit the iguana.
The iguana is poisoned.
The iguana is moderately wounded.
The iguana bites you! x2
* * * LOW HITPOINT WARNING * * *
You are too injured to fight recklessly!
You are too injured to fight recklessly!
Casting: Flame Tongue
Confirm with . or Enter, or press ? or * to list all spells.
Aiming: Flame Tongue
Press: ? - help, Shift-Dir - straight line, f - iguana
Aim: an iguana (severely wounded, poisoned)
The flame tongue hits the iguana.
The iguana is almost dead.
The iguana bites you!
You die...

###+########.
#.............
#.............# ...
#.............# ....
#.............# .#.#.
#..l..........# .....
#...@.........# ....
##............. ....
.............###
.#.#..#...............#
.#....#.##............#
.##......#............#
.##......#............#
.........#............#
###......(............#


You could see an iguana.

Vanquished Creatures
  An orc wizard (D:4)
  Jessica (D:3)
  Ijyb (D:3)
  Natasha (thrice) (D:3)
  2 worker ants (D:4)
  A hound skeleton (D:4)
  3 adders
  An ooze (D:3)
  An adder skeleton (D:4)
  3 worms
  6 dart slugs
  7 leopard geckos
  4 orcs
  6 bats
  4 giant cockroaches
  5 goblins
  9 hobgoblins
  5 jackals
  2 quokkas
  A ball python (D:3)
  3 frilled lizards
  13 kobolds
  6 rats
88 creatures vanquished.

Notes
Turn   | Place    | Note
-------+----------+-------------------------------------------
     0 | D:1      | skittles the Draconian Fire Elementalist began the quest for the Orb.
     0 | D:1      | Reached XP level 1. HP: 14/14 MP: 3/3
   141 | D:1      | Reached XP level 2. HP: 19/20 MP: 3/5
   705 | D:1      | Reached XP level 3. HP: 17/26 MP: 2/6
  1377 | D:2      | Reached skill level 4 in Fire Magic
  2044 | D:3      | Learned a level 3 spell: Conjure Flame
  2066 | D:3      | Noticed a phantom
  2091 | D:3      | Reached XP level 4. HP: 28/33 MP: 7/7
  2132 | D:3      | Noticed Natasha
  2134 | D:3      | Killed Natasha
  2371 | D:3      | Noticed Natasha
  2384 | D:3      | Killed Natasha
  2384 | D:3      | Reached XP level 5. HP: 3/38 MP: 6/8
  2961 | D:3      | Noticed Ijyb
  2969 | D:3      | Killed Ijyb
  3134 | D:3      | Noticed Natasha
  3164 | D:3      | Noticed Jessica
  3168 | D:3      | Killed Jessica
  3272 | D:3      | Killed Natasha
  3463 | D:4      | Reached skill level 5 in Fire Magic
  3572 | D:4      | Learned a level 4 spell: Sticky Flame
  3656 | D:4      | Reached XP level 6. HP: 30/45 MP: 3/9
  4211 | D:5      | Entered Level 5 of the Dungeon
  4285 | D:5      | Slain by an iguana

Skill      XL: |  1  2  3  4  5 |
---------------+----------------+-----
Conjurations   | 2 3 4 |  4.7
Fire Magic     | 4 5 |  5.4
Dodging        | |  1.7
Stealth        | |  1.7
Spellcasting   | |  2.0

Action                   |  1- 3 |  4- 6 || total
-------------------------+-------+-------++-------
Melee: Spear             |   146 |    63 ||   209
       Unarmed           |     5 |       ||     5
       Tailslap          |    10 |     9 ||    19
       Flail             |       |    41 ||    41
 Cast: Flame Tongue      |    29 |    54 ||    83
  Use: Scroll            |     7 |     2 ||     9
       Potion            |       |     3 ||     3
 Stab: Sleeping          |    10 |     2 ||    12
  Eat: Chunk             |     3 |     9 ||    12
Armor: Skin              |    39 |    66 ||   105
Dodge: Dodged            |    76 |   123 ||   199
